 Dungeon Crawl Stone Soup version 0.25.1-2-g60ff931df9 (webtiles) character file.

Game seed: 3137705598904974371

11684 Revguard the Cleaver (level 11, -2/124 HPs)
             Began as a Demonspawn Abyssal Knight on Aug 2, 2020.
             Was a High Priest of Lugonu.
             Slain by Sonja
             ... wielding a +0 short sword of distortion
              (5 damage)
             ... on level 11 of the Dungeon on Aug 3, 2020.
             The game lasted 00:33:06 (13544 turns).

Revguard the Cleaver (Demonspawn Abyssal Knight)   Turns: 13544, Time: 00:33:08

Health: -2/124     AC: 25    Str: 18    XL:     11   Next: 52%
Magic:  0/18       EV:  2    Int: 11    God:    Lugonu [*****.]
Gold:   231        SH:  0    Dex: 14    Spells: 10/10 levels left

rFire    . . .     SeeInvis .   D - +8 frozen axe "Frostbite" {freezing cloud, *Noise +Fly rC+}
rCold    + + .     Gourm    .   (shield currently unavailable)
rNeg     + + +     Faith    .   (armour currently unavailable)
rPois    +         Spirit   +   (helmet currently unavailable)
rElec    .         Reflect  .   (cloak currently unavailable)
rCorr    .         Harm     .   (gloves currently unavailable)
MR       .....     NoTele   +   (boots currently unavailable)
Stlth    +.........             m - amulet of magic regeneration
HPRegen  0.30/turn              v - ring of protection from fire
MPRegen  0.57/turn              u - ring "Yggost" {Ice Int-2 Dex+3 Slay+2}

@: lethally poisoned (-2 -> -14), tree-form, slowed, very slow
A: clumsy 1, strong 1, evolution 1, magic shield, magic regeneration
a: Depart the Abyss, Bend Space, Banish, Corrupt, Enter the Abyss, Renounce
Religion


You were on level 11 of the Dungeon.
You worshipped Lugonu.
Lugonu was extremely pleased with you.
You were not hungry.
You were a tree.
You visited 1 branch of the dungeon, and saw 11 of its levels.
You visited the Abyss 1 time.

You collected 671 gold pieces.
You spent 440 gold pieces at shops.

Inventory:

Hand Weapons
 i - a +2 hand axe of venom
 D - the +8 frozen axe "Frostbite" (weapon) {freezing cloud, *Noise +Fly rC+}
   (You found it on level 7 of the Dungeon)

   It has been specially enchanted to freeze those struck by it, causing extra
   injury to most foes and up to half again as much damage against particularly
   susceptible opponents.
   It can also slow down cold-blooded creatures.
   It protects you from cold.
   It lets you fly.
   It may make noises in combat.
Armour
 j - a +1 hat (melded)
 l - a +0 cloak (melded)
 F - +0 fire dragon scales (melded)
 H - a +0 plate armour of poison resistance
 J - +0 swamp dragon scales
Jewellery
 m - an amulet of magic regeneration (around neck)
 u - the ring "Yggost" (right branch) {Ice Int-2 Dex+3 Slay+2}
   (You acquired it on level 6 of the Dungeon)

   [ring of ice]

   It enhances your ice magic.
   It affects your intelligence (-2).
   It affects your dexterity (+3).
   It affects your accuracy and damage with ranged weapons and melee attacks
   (+2).
   It makes you vulnerable to fire.
   It protects you from cold.
 v - a ring of protection from fire (left branch)
 w - a +4 ring of slaying
 x - an uncursed ring of positive energy
 A - an uncursed ring of wizardry
 L - a cursed -4 ring of dexterity {unknown}
Wands
 s - a wand of polymorph (24)
 G - a wand of acid (8)
 I - a wand of clouds (12)
 P - a wand of iceblast (5)
Scrolls
 f - 3 scrolls of remove curse
 h - 2 scrolls of enchant weapon
 r - 5 scrolls of teleportation
 t - 3 scrolls of fear
 y - a scroll of fog
 K - a scroll of blinking {unknown}
 N - a scroll of enchant armour {unknown}
 O - 2 scrolls of identify
Potions
 b - 2 potions of lignification
 g - a potion of flight
 n - a potion of brilliance
 o - a potion of stabbing
 z - a potion of magic
 M - 2 potions of cancellation
Miscellaneous
 C - a lightning rod (3/4)
 E - a tin of tremorstones (inert)
Comestibles
 c - 16 rations


   Skills:
 + Level 6.8 Fighting
 + Level 10.7 Axes
 + Level 8.0 Armour
 + Level 2.1 Dodging
 * Level 10.2 Invocations
 * Level 5.8 Evocations


You had 10 spell levels left.
You didn't know any spells.
Your spell library contained the following spells:

 Spells                   Type           Power        Failure   Level  Hunger
 Animate Skeleton         Necr           N/A          34%         1    ##.....
 Apportation              Tloc           #.....       34%         1    ##.....
 Corona                   Hex            #......      34%         1    ##.....
 Magic Dart               Conj           #...         34%         1    ##.....
 Summon Small Mammal      Summ           #...         34%         1    ##.....
 Blink                    Tloc           N/A          47%         2    ###....
 Call Imp                 Summ           #.......     47%         2    ###....
 Slow                     Hex            #.......     47%         2    ###....
 Conjure Flame            Conj/Fire      #.......     71%         3    ####...
 Mephitic Cloud           Conj/Pois/Air  #.......     71%         3    ####...
 Chain Lightning          Conj/Air       #.........   100%        8    #######
 Lehudib's Crystal Spear  Conj/Erth      #.........   100%        8    #######
 Absolute Zero            Ice            #.........   100%        9    #######
 Fire Storm               Conj/Fire      #.........   100%        9    #######


Dungeon Overview and Level Annotations

Branches:
Dungeon (11/15)            Temple (0/1) D:7            Lair (0/6) D:8
    Orc (0/2) D:10

Altars:
Fedhas
Hepliaklqana
Qazlal
Ru
Sif Muna
Trog
Zin
The Shining One

Shops:
D:5 (   D:7 }

Annotations:
D:11 Sonja


Innate Abilities, Weirdness & Mutations

((You have hoof-like feet.))
((You are partially covered in large bone plates. (SH +4)))
When hurt, damage is shared between your health and your magic reserves.
You regenerate magic rapidly.
You are clumsy. (Dex -2)
Your muscles are strong. (Str +2)
You evolve.


Message History

The white ugly thing barely misses you.
Sonja is engulfed in noxious fumes.
The white ugly thing is engulfed in noxious fumes.
The white ugly thing tail-slaps you.
* * * LOW HITPOINT WARNING * * *
The white ugly thing freezes you. You resist.
* * * LOW HITPOINT WARNING * * *
Really quaff the potion of lignification?
You turn into a tree.
Your +0 cloak melds into your body.
Your +1 hat melds into your body.
Your +0 fire dragon scales melds into your body.
Your roots penetrate the ground.
* * * LOW HITPOINT WARNING * * *
You feel sick. Sonja hits you but does no damage.
Space warps horribly around you!
* * * LOW HITPOINT WARNING * * *
Sonja hits you but does no damage.
Sonja hits you with a +0 short sword of distortion.
* * * LOW HITPOINT WARNING * * *
Space warps horribly around you!
You die...

#.. ........ #..
........ ##... #....#
.....###....# .
.......<.(..###..
###.......(.....
#..<.......... ....
#........###. .K..
#..####♣.# >... #..#
#uK# .K.. #..####§§#
.... #.....§§§#
....######.9...§§§#
......9.................
....(((....K............
............####........
....#####...# #..###...


You could see a white ugly thing and Sonja (confused).

Vanquished Creatures
  A two-headed ogre (D:7)
  A slime creature (D:8)
  An ugly thing (D:7)
  Joseph (D:10)
  Maggie (D:9)
  A queen bee (D:10)
  2 trolls (D:10)
  A hornet (D:10)
  2 hippogriffs
  Sigmund (D:5)
  A wraith (D:10)
  Menkaure (D:7)
  Duvessa (D:7)
  2 water moccasins
  4 porcupines (D:8)
  5 orc warriors
  2 sky beasts (D:5)
  4 black bears
  4 ice beasts
  A necrophage (D:8)
  A phantom (D:7)
  10 ogres
  4 centaurs
  7 big kobolds
  7 bullfrogs
  2 gnoll sergeants (D:10)
  A wyvern zombie (D:7)
  A wyvern skeleton (D:10)
  4 scorpions
  2 water moccasin skeletons
  Dowan (D:7)
  5 wights (D:8)
  20 killer bees
  A howler monkey (D:5)
  A quasit (D:8)
  A centaur zombie (D:9)
  7 crimson imps
  4 hounds
  3 jellies
  5 orc priests
  Crazy Yiuf (D:2)
  2 gnoll shamans (D:7)
  2 iguanas
  11 orc wizards
  9 worker ants
  A hound skeleton (D:6)
  21 gnolls
  2 howler monkey skeletons
  14 adders
  4 shadow imps
  2 oozes (D:6)
  2 adder skeletons
  6 worms
  2 dart slugs
  7 leopard geckos
  44 orcs
  9 bats
  7 giant cockroaches
  2 goblins
  10 hobgoblins
  13 jackals
  5 quokkas
  4 ball pythons
  A ball python skeleton (D:4)
  5 frilled lizards
  4 kobolds
  2 leopard gecko skeletons (D:6)
  A quokka zombie (D:5)
  12 rats
  23 fungi
  15 plants
367 creatures vanquished.

Vanquished Creatures (others)
  4 fungi (D:8)
4 creatures vanquished.

Grand Total: 371 creatures vanquished

Notes
Turn   | Place    | Note
-------+----------+-------------------------------------------
     0 | Abyss:1  | Revguard the Demonspawn Abyssal Knight began the quest for
                  | the Orb.
     0 | Abyss:1  | Reached XP level 1. HP: 18/18 MP: 2/2
    14 | D:1      | Escaped the Abyss
   102 | D:1      | Reached skill level 1 in Dodging
   236 | D:1      | Gained mutation: You have large cloven feet. [demonic
                  | ancestry]
   236 | D:1      | Reached XP level 2. HP: 24/24 MP: 4/4
   801 | D:2      | Reached XP level 3. HP: 21/29 MP: 5/5
   902 | D:2      | Reached ** piety under Lugonu
  1181 | D:2      | Reached XP level 4. HP: 35/35 MP: 6/6
  1519 | D:2      | Found a runed translucent door.
  1520 | D:2      | Noticed Crazy Yiuf
  1529 | D:2      | Killed Crazy Yiuf
  1897 | D:2      | Found a stormy altar of Qazlal.
  2240 | D:3      | Reached *** piety under Lugonu
  2240 | D:3      | Gained mutation: When hurt, damage is shared between your
                  | health and your magic reserves. [demonic ancestry]
  2240 | D:3      | Reached XP level 5. HP: 41/42 MP: 7/7
  3482 | D:4      | Noticed an ogre
  3493 | D:4      | Killed an ogre
  3493 | D:4      | Gained mutation: You have hoof-like feet. [demonic
                  | ancestry]
  3493 | D:4      | Reached XP level 6. HP: 12/48 MP: 2/8
  4468 | D:4      | Found a sacrificial altar of Ru.
  4746 | D:4      | Found a glowing golden altar of the Shining One.
  4787 | D:4      | Gained mutation: You are partially covered in large bone
                  | plates. (SH +4) [demonic ancestry]
  4787 | D:4      | Reached XP level 7. HP: 41/54 MP: 6/10
  5084 | D:5      | Entered Level 5 of the Dungeon
  5114 | D:5      | Reached skill level 5 in Axes
  5142 | D:5      | Noticed Sigmund
  5153 | D:5      | Killed Sigmund
  5153 | D:5      | Reached skill level 5 in Invocations
  5355 | D:5      | Reached XP level 8. HP: 21/61 MP: 6/12
  5745 | D:5      | Reached skill level 5 in Armour
  5759 | D:5      | Found Athukif's Antique Weapon Shop.
  6442 | D:6      | Reached skill level 5 in Fighting
  6856 | D:6      | Reached **** piety under Lugonu
  6903 | D:6      | Found a glowing silver altar of Zin.
  6904 | D:6      | Found a blossoming altar of Fedhas.
  6912 | D:6      | Found a hazy altar of Hepliaklqana.
  6993 | D:6      | Reached XP level 9. HP: 49/68 MP: 11/14
  6994 | D:6      | Reached skill level 1 in Evocations
  7655 | D:6      | Identified a scroll of acquirement
  7655 | D:6      | Acquired the ring "Yggost" {Ice Int-2 Dex+3 Slay+2}
  7681 | D:7      | Noticed Dowan
  7702 | D:7      | Killed Dowan
  7836 | D:7      | Noticed Duvessa
  7872 | D:7      | Killed Duvessa
  8210 | D:7      | Found a blossoming altar of Fedhas.
  8538 | D:7      | Noticed Menkaure
  8549 | D:7      | Killed Menkaure
  8748 | D:7      | Found a shimmering blue altar of Sif Muna.
  8771 | D:7      | Reached ***** piety under Lugonu
  9295 | D:7      | Noticed a purple ugly thing
  9295 | D:7      | Noticed a two-headed ogre
  9314 | D:7      | Killed a purple ugly thing
  9314 | D:7      | Gained mutation: You regenerate magic rapidly. [demonic
                  | ancestry]
  9314 | D:7      | Reached XP level 10. HP: 59/76 MP: 14/16
  9320 | D:7      | Killed a two-headed ogre
  9340 | D:7      | Found the +8 frozen axe "Frostbite" {freezing cloud, *Noise
                  | +Fly rC+}
  9349 | D:7      | Gained mutation: You have hooves in place of feet. [potion
                  | of mutation]
  9349 | D:7      | Gained mutation: You passively map a small area around you.
                  | [potion of mutation]
  9597 | D:7      | Found a staircase to the Ecumenical Temple.
 10140 | D:7      | Found Rethricuff's Gadget Shoppe.
 10145 | D:7      | Bought a lightning rod (4/4) for 440 gold pieces
 10245 | D:8      | Found a staircase to the Lair.
 10989 | D:8      | Found a bloodstained altar of Trog.
 11435 | D:9      | Lost mutation: You have hooves in place of feet. [potion of
                  | mutation]
 11435 | D:9      | Lost mutation: You passively map a small area around you.
                  | [potion of mutation]
 11435 | D:9      | Gained mutation: You evolve. [potion of mutation]
 11516 | D:9      | Noticed Maggie
 11524 | D:9      | Reached skill level 5 in Evocations
 11526 | D:9      | Killed Maggie
 11603 | D:9      | Reached XP level 11. HP: 72/83 MP: 18/18
 11918 | D:10     | Entered Level 10 of the Dungeon
 11924 | D:10     | Gained mutation: Your muscles are strong. (Str +2)
                  | [evolution]
 11973 | D:10     | Found a blossoming altar of Fedhas.
 12042 | D:10     | Noticed Joseph
 12053 | D:10     | Killed Joseph
 12053 | D:10     | Reached skill level 10 in Axes
 12149 | D:10     | Reached skill level 10 in Invocations
 12280 | D:10     | Found a staircase to the Orcish Mines.
 12912 | D:10     | Gained mutation: You are clumsy. (Dex -2) [evolution]
 13529 | D:11     | Noticed a white ugly thing
 13531 | D:11     | Noticed Sonja
 13544 | D:11     | HP: 4/124 [Sonja/+0 short sword of distortion (6)]
 13544 | D:11     | Slain by Sonja

Illustrated notes

Levels and vault maps discovered:
D:1:      psy_arrival_whirlpool, layout_basic, minmay_crystal_room,
          minmay_misc_feat_five, kennysheep_nondescript, minivault_25,
          moated_statue
D:2:      layout_basic, grunt_qazlal_clouds, minmay_misc_feat_alley,
          uniq_crazy_yiuf_cottage
D:3:      layout_loops_corners
D:4:      layout_basic, marbit_many_paths, serial_forest,
          infiniplex_forest_corner_1, infiniplex_forest_lined_ring,
          infiniplex_forest_end_1, infiniplex_forest_fountain,
          infiniplex_forest_straight_4, first_ration,
          nicolae_ru_the_path_less_chosen
D:5:      layout_basic, serial_shops, shop, hangedman_decor_slide_cut,
          kennysheep_generic_room_4, uniq_sigmund
D:6:      minmay_spotlight, layout_basic, minitemple
D:7:      minmay_the_grid_four_pointed_star
          [minmay_the_grid_triangle_9x9_windchime,
          minmay_the_grid_triangle_9x9_shrine,
          minmay_the_grid_triangle_9x9_minimal,
          minmay_the_grid_triangle_9x9_cache,
          minmay_the_grid_prize_shrinking_boxes], layout_layer_cave,
          old_standard_altar, minmay_temple_entry_junction, serial_shops, shop,
          uniq_duvessa, uniq_menkaure
D:8:      layout_basic, due_lair_maze_entry_diamond, trog_three_pillars_becter
D:9:      layout_long_grid, uniq_maggie
D:10:     layout_roguey, kennysheep_orc_monster_closet_entryway, david_nohive_1,
          fedhas_altar_3, uniq_joseph
D:11:     layout_small_grid, uniq_sonja

Skill      XL: |  1  2  3  4  5  6  7  8  9 10 11 |
---------------+----------------------------------+-----
Dodging        | 1 2 |  2.1
Armour         | 2 3 4 5 6 7 8 |  8.0
Axes           | 2 3 4 5 7 8 9 10 | 10.7
Invocations    | 3 4 5 7 8 9 10 | 10.2
Fighting       | 4 5 6 |  6.8
Evocations     | 3 5 |  5.8

Action                   |  1- 3 |  4- 6 |  7- 9 | 10-12 || total
-------------------------+-------+-------+-------+-------++-------
Melee: Hand axe          |   103 |   241 |   442 |     6 ||   792
       Executioner's axe |       |       |       |   255 ||   255
       Kick              |       |       |       |    72 ||    72
Invok: Bend Space        |       |       |     1 |     2 ||     3
Evoke: Tin of tremorston |       |       |       |     3 ||     3
       Lightning rod     |       |       |       |     2 ||     2
       Wand              |       |       |       |     2 ||     2
  Use: Scroll            |     1 |     1 |    13 |     6 ||    21
       Potion            |     2 |       |     3 |     9 ||    14
  Eat: Chunk             |     1 |    11 |    15 |    11 ||    38
       Ration            |       |       |       |     1 ||     1
Armor: Plate armour      |   104 |   197 |   312 |    82 ||   695
       Fire dragon scale |       |       |       |   128 ||   128
       Skin              |       |       |       |     1 ||     1
Dodge: Dodged            |    18 |    62 |    89 |   165 ||   334
Block: Other             |       |       |    66 |    65 ||   131
